 Dungeon Crawl Stone Soup version 0.31.0-12-g77e489cdc1 (webtiles) character file.

Game seed: 14961416111665716046

131 TheUltimateLifeform the Chopper (level 5, -1/45 HPs)
             Began as a Hill Orc Fighter on Feb 22, 2024.
             Splashed by a jelly's acid (3 damage)
             ... on level 3 of the Dungeon.
             The game lasted 00:05:15 (2169 turns).

TheUltimateLifeform the Chopper (Hill Orc Fighter)  Turns: 2169, Time: 00:05:16

Health: -1/45      AC:  3    Str: 21    XL:     5   Next: 14%
Magic:  5/5        EV:  5    Int:  8    God:
Gold:   120        SH:  4    Dex: 10    Spells: 4/4 levels left

rFire   . . .        a - +0 war axe
rCold   . . .        c - +0 buckler
rNeg    . . .        j - +0 plate armour
rPois   .            (no helmet)
rElec   .            (no cloak)
rCorr   .            (no gloves)
SInv    .            (no boots)
Will    .....        (no amulet) Stlth
                     (no ring)
HPRegen 0.27/turn    (no ring)
MPRegen 0.09/turn

%: no passive effects
@: corroded
A: no striking features
a: no special abilities


You were on level 3 of the Dungeon.
You visited 1 branch of the dungeon, and saw 3 of its levels.

You collected 120 gold pieces.

Inventory:

Hand Weapons
 a - a +0 war axe (weapon)
Missiles
 m - 2 throwing nets (quivered)
Armour
 c - a +0 buckler (worn)
 j - a +0 plate armour (worn)
Scrolls
 e - a scroll of teleportation {unknown}
 g - 4 scrolls of identify {unknown}
 i - a scroll of immolation {unknown}
 k - a scroll of amnesia {unknown}
 p - a scroll of blinking {unknown}
Potions
 b - 2 potions of cancellation {unknown}
 d - a potion of might
 f - a potion of curing {unknown}
 h - 2 potions of mutation {unknown}
 l - 2 potions of heal wounds {unknown}
 n - 2 potions of degeneration {unknown}
 o - a potion of haste {unknown}


   Skills:
 - Level 3.6 Fighting
 + Level 6.9 Axes
 - Level 3.2 Armour
 - Level 3.2 Shields


You had 4 spell levels left.
You didn't know any spells.
Your spell library contained the following spells:

 Spells                   Type           Power      Damage    Failure   Level
 Magic Dart               Conj           0%         1d3       100%        1
 Blink                    Tloc           0%         N/A       100%        2
 Call Imp                 Summ           0%         N/A       100%        2
 Ensorcelled Hibernation  Hex/Ice        0%         N/A       100%        2
 Passwall                 Erth           0%         N/A       100%        3
 Swiftness                Air            0%         N/A       100%        3


Dungeon Overview and Level Annotations

Branches:
Dungeon (3/15)

Altars:
Ashenzari
Nemelex Xobeh
Okawaru
Trog
Vehumet

Shops:
D:3 =

Annotations:
D:1 2 transporters


Message History

Something hits the fungus.
The jelly hits the fungus.
The fungus is splashed with acid.
You slash the jelly! The acid corrodes you!
Your hands burn!
The jelly is almost dead.
The endoplasm hits the fungus. x2; The jelly hits you but does no damage.
Something hits the fungus.
The jelly hits the fungus.
The fungus is splashed with acid!
Something hits the fungus.
The fungus begins to die.
Something hits the fungus.
You barely miss the jelly.
The jelly is almost dead.
The endoplasm hits the fungus. x2; You block the jelly's attack.
Something hits the fungus.
The jelly hits the fungus.
The fungus is splashed with acid.
Something hits the fungus. x2
You hit the jelly.
You kill the jelly!
A nearby fungus withers and dies. x2
You have reached level 5!
You feel stronger.
You hit the endoplasm.
The endoplasm is heavily wounded.
You hit the jelly. The acid corrodes you!
Your hands burn!
The jelly is lightly wounded.
A nearby fungus withers and dies.
The jelly hits you.
You are splashed with acid!
* * * LOW HITPOINT WARNING * * *
The jelly attacks as it pursues you! The jelly hits you.
* * * LOW HITPOINT WARNING * * *
You are splashed with acid.
* * * LOW HITPOINT WARNING * * *
Things that are here:
a +0 short sword; 5 stones; a kobold corpse The jelly attacks as it pursues you!
The jelly hits you but does no damage.
There is an open door here.
You barely miss the jelly. The jelly hits you but does no damage.
You hit the jelly.
Your hands burn!
* * * LOW HITPOINT WARNING * * *
The jelly is lightly wounded.
The jelly barely misses you.
You hit the jelly but do no damage.
Your hands burn!
You die...

# #...# #.P._.P... #.#.....#.. #
#...# #..÷_._..÷ #.#....^#.. #
#[..# #...J...P. #.#####.#..
######### #.JJJJ_... #.# #.#..
.....# #JJ..J.... #.#####.#.[
####.# #J####### #.......#..
..##.# ##J.JJ).###########..
#.##.# ########J# #.. #.##.#
#...@JJJ## #.. #.##.# #....####
#.. .....# #.......# #### #..
....#########.......# #.. #..
....#......##.......# #.# ###
....#......##[......###.#####.##
...........###.....###........#.
........>..# ##.))####....(...#.
......######
##')'###.........#.#


You could see a jelly and 3 endoplasms.

Vanquished Creatures
  A jelly (D:3)
  3 adders
  3 orcs (D:3)
  9 bats
  5 endoplasms
  A giant cockroach (D:3)
  8 goblins
  6 hobgoblins
  4 jackals (D:1)
  2 quokkas (D:1)
  7 ball pythons
  A frilled lizard (D:1)
  13 kobolds
  3 rats
66 creatures vanquished.

Notes
Turn   | Place    | Note
-------+----------+-------------------------------------------
     0 | D:1      | TheUltimateLifeform the Hill Orc Fighter began the quest
                  | for the Orb.
     0 | D:1      | Reached XP level 1. HP: 19/19 MP: 1/1
    29 | D:1      | Reached skill level 3 in Axes
   143 | D:1      | Reached XP level 2. HP: 26/26 MP: 2/2
   250 | D:1      | Reached skill level 4 in Axes
   433 | D:1      | Reached XP level 3. HP: 31/31 MP: 3/3
   475 | D:1      | Found a faded altar of an unknown god.
   920 | D:2      | Reached skill level 5 in Axes
  1200 | D:2      | Reached XP level 4. HP: 38/39 MP: 4/4
  1826 | D:3      | Found a bloodstained altar of Trog.
  1874 | D:3      | Reached skill level 6 in Axes
  1977 | D:3      | Found Niadies's Jewellery Boutique.
  2148 | D:3      | Found an iron altar of Okawaru.
  2148 | D:3      | Found a radiant altar of Vehumet.
  2148 | D:3      | Found a bloodstained altar of Trog.
  2148 | D:3      | Found a sparkling altar of Nemelex Xobeh.
  2148 | D:3      | Found a broken altar of Ashenzari.
  2148 | D:3      | Found a sparkling altar of Nemelex Xobeh.
  2155 | D:3      | Reached XP level 5. HP: 21/45 MP: 5/5
  2168 | D:3      | HP: 2/45 [acid (3)]
  2169 | D:3      | Splashed by a jelly's acid

Illustrated notes

Levels and vault maps discovered:
D:1:      spicycebolla_arrival_transporter_tutorial, layout_loops_corners,
          ebering_ecumenical_altar_webs, due_unseen_surprise
D:2:      layout_rooms, kennysheep_minor_cross
D:3:      cheibrodos_fertilizer, layout_basic, lightli_temple_of_fire,
          serial_shops, nicolae_shop_trees, minmay_misc_feat_x

Skill      XL: |  1  2  3  4 |
---------------+-------------+-----
Axes           | 3 4 5 6 |  6.9
Fighting       | |  3.6
Armour         | |  3.2
Shields        | |  3.2

Action                     |  1- 3 |  4- 6 || total
---------------------------+-------+-------++-------
  Melee: War axe           |   110 |    53 ||   163
 Armour: Scale mail        |    52 |       ||    52
         Plate armour      |    35 |    54 ||    89
  Dodge: Dodged            |    61 |    10 ||    71
  Block: Buckler           |    28 |    11 ||    39
